 Dungeon Crawl Stone Soup version 0.27.1-2-g3b301248ec (webtiles) character file.

Game seed: 1856717087788068433

281 Borgoz the Skirmisher (level 6, 0/58 HPs)
             Began as a Gargoyle Berserker on Sept 23, 2021.
             Was a Believer of Trog.
             Slain by an ice beast (4 damage)
             ... on level 5 of the Dungeon.
             The game lasted 00:04:43 (5356 turns).

Borgoz the Skirmisher (Gargoyle Berserker)          Turns: 5356, Time: 00:04:43

Health: 0/58       AC: 23    Str: 21    XL:     6   Next: 27%
Magic:  6/6        EV:  2    Int:  8    God:    Trog [**....]
Gold:   233        SH:  0    Dex: 10    Spells: 5/5 levels left

rFire    + . .     SeeInvis .   a - +0 mace
rCold    + . .     Faith    .   (no shield)
rNeg     + + +     Spirit   .   (armour currently unavailable)
rPois    ∞         Reflect  .   (helmet currently unavailable)
rElec    +         Harm     .   (cloak currently unavailable)
rCorr    +         Rampage  .   (gloves currently unavailable)
Will     ++...     NoTele   +   (boots currently unavailable)
Stlth    +.........             (no amulet)
HPRegen  1.19/turn              i - ring of positive energy
MPRegen  0.10/turn              (no ring)

@: brilliant, tree-form, resistant, strong-willed (expiring), on berserk
cooldown, regenerating (expiring), hasted, very quick
A: stationary, stasis, torment immunity, boosted hp, sickness immunity, AC +4,
negative energy resistance 1, (electricity resistance), torment resistance 1,
petrification resistance
a: Renounce Religion, Berserk, Trog's Hand


You were on level 5 of the Dungeon.
You worshipped Trog.
Trog was pleased with you.
You were a tree.
You visited 1 branch of the dungeon, and saw 5 of its levels.
You also visited: Sewer.

You collected 233 gold pieces.

Inventory:

Hand Weapons
 a - a +0 mace (weapon)
Armour
 b - a +0 animal skin (melded)
 z - a +0 cloak (melded)
Jewellery
 i - a ring of positive energy (left branch)
Scrolls
 d - 3 scrolls of identify {unknown}
 j - a scroll of blinking {unknown}
 m - 2 scrolls of fear {unknown}
 n - a scroll of enchant weapon {unknown}
 o - a scroll of magic mapping {unknown}
 q - a scroll of fog {unknown}
 r - a scroll of enchant armour {unknown}
 s - 2 scrolls of teleportation {unknown}
 t - a scroll of torment {unknown}
 u - a scroll of brand weapon {unknown}
 v - a scroll of acquirement {unknown}
 w - a scroll of noise {unknown}
 x - a scroll of vulnerability {unknown}
 y - a scroll of holy word {unknown}
 A - a scroll of immolation {unknown}
Potions
 c - 2 potions of haste
 h - a potion of heal wounds {unknown}
 k - 2 potions of lignification
 l - a potion of invisibility {unknown}
 p - 6 potions of flight


   Skills:
 + Level 4.6 Fighting
 + Level 4.3 Maces & Flails
 + Level 3.9 Armour
 + Level 2.9 Dodging


You had 5 spell levels left.
You didn't know any spells.
Your spell library was empty.

Dungeon Overview and Level Annotations

Branches:
Dungeon (5/15)              Sewer (visited)
 Temple: D:4-7

Altars:
Trog

Shops:
D:3 :


Innate Abilities, Weirdness & Mutations

You are a tree.
Your roots penetrate the ground, keeping you stationary.
You cannot be teleported.
You are immune to unholy pain and torment.
Your maximum health is greatly increased.
Your equipment is partially melded.
You are immune to sickness and miasma.
((Your stone body is resilient. (AC +4)))
You are immune to poison.
You resist negative energy. (rN+)
((You are resistant to electric shocks. (rElec)))
You are resistant to unholy torment.
You are immune to petrification.


Message History

The centaur skeleton hits you but does no damage.
The centaur skeleton kicks you but does no damage.
The ice beast hits you but does no damage.
The centaur zombie hits you but does no damage.
The centaur zombie kicks you but does no damage.
You hit the ice beast but do no damage.
The ice beast is heavily wounded.
The jackal bites you but does no damage.
The centaur skeleton hits you but does no damage.
The centaur skeleton kicks you but does no damage.
The ice beast hits you but does no damage.
The centaur zombie hits you but does no damage.
The centaur zombie kicks you but does no damage.
You hit the ice beast.
The ice beast is severely wounded.
A bullfrog zombie comes into view.
The jackal bites you but does no damage.
The centaur skeleton hits you.
* * * LOW HITPOINT WARNING * * *
The centaur skeleton kicks you but does no damage.
The centaur zombie hits you but does no damage.
The centaur zombie kicks you but does no damage.
You closely miss the ice beast.
The ice beast is severely wounded.
The jackal bites you but does no damage.
The ice beast hits you.
* * * LOW HITPOINT WARNING * * *
The ice beast freezes you. You resist.
* * * LOW HITPOINT WARNING * * *
The centaur skeleton hits you but does no damage.
The centaur skeleton kicks you but does no damage.
The centaur zombie hits you but does no damage.
The centaur zombie kicks you but does no damage.
You hit the ice beast but do no damage.
The ice beast is severely wounded.
The jackal bites you but does no damage.
The ice beast hits you.
* * * LOW HITPOINT WARNING * * *
The ice beast freezes you. You resist.
You die...

#............#
........<....#
.............#
......Z......######
........÷.........#
#.................#
#...##......$.....#
#... #....YZ.(....#
... #....Z♣.######
#...†h†.#
#..........
#$...........
#............#
#............#
#............#
#..?.........#


You could see an ice beast, a bullfrog zombie, a centaur zombie, a jackal and a
centaur skeleton.

Vanquished Creatures
  A howler monkey (D:5)
  A bullfrog skeleton (D:4)
  2 iguanas (D:5)
  4 adders
  A gnoll (D:1)
  A shadow imp (D:5)
  An adder skeleton (D:4)
  5 worms
  A dart slug (D:3)
  3 orcs
  A ball python (Sewer)
  7 endoplasms
  4 giant cockroaches
  4 goblins
  6 hobgoblins
  13 jackals
  4 kobolds
  4 quokkas
  10 bats
  6 frilled lizards
  4 rats
83 creatures vanquished.

Notes
Turn   | Place    | Note
-------+----------+-------------------------------------------
     0 | D:1      | Borgoz the Gargoyle Berserker began the quest for the Orb.
     0 | D:1      | Reached XP level 1. HP: 14/14 MP: 1/1
   127 | D:1      | Reached XP level 2. HP: 13/19 MP: 2/2
   575 | D:1      | Found a faded altar of an unknown god.
   598 | D:1      | Reached XP level 3. HP: 22/23 MP: 3/3
  1424 | D:2      | Reached ** piety under Trog
  1940 | D:3      | Found a glowing drain.
  2001 | Sewer    | Entered a sewer
  2009 | Sewer    | Reached XP level 4. HP: 29/29 MP: 4/4
  3697 | D:3      | Found Mueffej's Book Shoppe.
  3878 | D:3      | Found a bloodstained altar of Trog.
  4190 | D:3      | Reached XP level 5. HP: 29/33 MP: 5/5
  5130 | D:5      | Entered Level 5 of the Dungeon
  5320 | D:5      | Reached XP level 6. HP: 34/39 MP: 6/6
  5340 | D:5      | Noticed an ice beast
  5356 | D:5      | Slain by an ice beast

Illustrated notes

Levels and vault maps discovered:
D:1:      scummos_arrival_gate, layout_basic,
          shapermc_ecumenical_altar_notcrosses
D:2:      layout_basic
D:3:      layout_basic, mainiacjoe_overflow_concentric_impassable,
          cheibrodos_sewer_entry_bend, serial_shops, nicolae_shop_stone
D:4:      layout_loops_ring, minmay_pentangle
D:5:      layout_gridville, minmay_misc_feat_enclosed

Skill      XL: |  1  2  3  4  5 |
---------------+----------------+-----
Dodging        | 2 |  2.9
Armour         | 3 |  3.9
Fighting       | 4 |  4.6
Maces & Flails | 4 |  4.3

Action                   |  1- 3 |  4- 6 || total
-------------------------+-------+-------++-------
Melee: Mace              |   122 |   219 ||   341
Invok: Berserk           |     4 |     3 ||     7
       Trog's Hand       |       |     1 ||     1
  Use: Potion            |       |     7 ||     7
 Stab: Sleeping          |     1 |       ||     1
Armor: Animal skin       |    60 |   123 ||   183
       Skin              |       |   122 ||   122
Dodge: Dodged            |    91 |   229 ||   320
